Map: Romanticide LE

Players

Neeb - Winner!

  • Race: Protoss Protoss
  • Spawn Location: 5:00

Epic

  • Race: Terran Terran
  • League: Grandmaster
  • Spawn Location: 11:00

Event: DreamHack SC2 Masters 2020 Winter

VOD

Have the link to the VOD?

Description

Time

  • Played on: Nov. 1, 2020, 3:57 p.m.
  • Length: 10:13

All games in this series

Show
View Real Time Build Order
Export as new Build Order

Neeb Protoss - Winner!

Build Orders: Phoenix Opening 

Get SALT Encoding   

  12  0:00  Probe  
  13  0:12  Probe  
  14  0:17  Pylon  
  14  0:24  Probe (Chrono Boost)  
  15  0:36  Gateway, Probe (Chrono Boost)  
  16  0:44  Probe (Chrono Boost)  
  16  0:48  Assimilator  
  17  0:51  Probe  
  18  1:03  Probe  
  19  1:15  Probe  
  20  1:23  Cybernetics Core  
  20  1:32  Probe  
  21  1:35  Pylon  
  21  1:40  Assimilator  
  21  1:47  Nexus  
  21  1:55  Probe  
  21  1:57  Adept (Chrono Boost)  
  24  2:07  Warp Gate, Probe  
  25  2:14  Shield Battery  
  25  2:18  Adept (Chrono Boost)  
  25  2:19  Probe  
  28  2:31  Probe  
  29  2:38  Shield Battery  
  29  2:40  Adept (Chrono Boost)  
  31  2:51  Robotics Facility  
  31  2:59  Probe  
  31  3:00  Probe  
  33  3:08  Sentry (Chrono Boost)  
  33  3:11  Probe  
  33  3:12  Probe  
  37  3:24  Probe (Chrono Boost)  
  39  3:29  Probe (Chrono Boost)  
  39  3:31  Pylon  
  39  3:33  Probe (Chrono Boost)  
  39  3:34  Phoenix  
  40  3:37  Probe (Chrono Boost)  
  41  3:42  Probe  
  41  3:46  Nexus  
  41  3:48  Probe  
  39  3:52  Immortal (Chrono Boost)  
  41  3:58  Sentry  
  41  4:00  Probe  
  41  4:02  Probe  
  45  4:13  Probe  
  45  4:14  Probe  
  45  4:16  Forge  
  47  4:22  Gateway  
  47  4:24  Observer (Chrono Boost)  
  47  4:27  Probe  
  47  4:28  Gateway  
  47  4:30  Probe  
  50  4:32  Assimilator  
  50  4:33  Stalker  
  50  4:36  Pylon  
  52  4:39  Probe  
  52  4:43  Observer (Chrono Boost)  
  54  4:50  Pylon  
  54  4:51  Pylon, Protoss Ground Armor Level 1  
  54  4:54  Probe  
  54  4:55  Probe  
  54  4:58  Probe  
  57  5:00  Stalker  
  57  5:03  Observer (Chrono Boost)  
  57  5:06  Probe  
  61  5:07  Probe  
  61  5:11  Shield Battery  
  63  5:14  Shield Battery  
  63  5:16  Immortal (Chrono Boost)  
  68  5:24  Stalker x2  
  70  5:30  Probe  
  70  5:31  Probe x2  
  73  5:37  Pylon  
  73  5:44  Immortal (Chrono Boost)  
  73  5:49  Adept x2  
  81  5:55  Pylon x2, Probe x2  
  81  5:57  Probe  
  82  6:07  Probe (Chrono Boost)  
  82  6:08  Probe (Chrono Boost)  
  82  6:11  Probe (Chrono Boost)  
  75  6:12  Stalker x2  
  75  6:20  Robotics Bay  
  75  6:21  Warp Prism (Chrono Boost)  
  75  6:22  Probe (Chrono Boost)  
  75  6:25  Probe x2 (Chrono Boost)  
  80  6:27  Probe (Chrono Boost)  
  80  6:31  Probe  
  80  6:32  Twilight Council, Probe  
  82  6:36  Probe  
  84  6:43  Probe  
  84  6:44  Probe  
  84  6:45  Assimilator x2  
  86  6:48  Assimilator, Probe  
  86  6:50  Pylon  
  87  6:54  Protoss Ground Weapons Level 1 (Chrono Boost)  
  87  6:55  Probe  
  87  6:56  Probe  
  89  7:03  Probe  
  89  7:05  Colossus (Chrono Boost)  
  89  7:08  Probe x2  
  92  7:12  Extended Thermal Lance  
  98  7:15  Gateway  
  98  7:16  Gateway, Probe  
  98  7:20  Charge, Gateway, Probe x2  
  101  7:29  Probe  
  102  7:35  Gateway  
  102  7:38  Sentry x2  
  102  7:39  Gateway  
  102  7:41  Gateway  
  102  7:42  Pylon  
  106  7:48  Pylon  
  106  7:51  Colossus (Chrono Boost)  
  112  7:58  Templar Archives  
  112  7:59  Pylon  
  112  8:03  Photon Cannon, Zealot x2, Pylon  
  116  8:13  Zealot x2  
  120  8:33  Forge, Colossus (Chrono Boost)  
  126  8:37  Zealot x8  
  142  8:46  Observer  
  140  8:57  Nexus, Zealot x7  
  140  8:58  Zealot  
  147  9:05  Pylon, Dark Shrine  
  137  9:18  Zealot x6  
  137  9:20  Pylon  
  141  9:35  Probe  
  141  9:36  Probe  
  141  9:37  Probe  
  130  9:47  High Templar  
  130  9:48  High Templar x3, Zealot x2  
  130  9:51  Zealot  
  140  9:53  Archon x2  
  140  9:55  Zealot  
  140  9:57  Probe x2  
  144  10:04  Robotics Facility  
Show
View Real Time Build Order
Export as new Build Order

Epic Terran 

Build Orders: Reaper Expand, Banshee Rush 

Get SALT Encoding   

  12  0:00  SCV  
  13  0:12  SCV  
  14  0:16  Supply Depot  
  14  0:24  SCV  
  15  0:38  SCV  
  15  0:39  Barracks  
  16  0:43  Refinery  
  16  0:50  SCV  
  17  1:02  SCV  
  18  1:14  SCV  
  19  1:26  Orbital Command, Reaper  
  20  1:44  Command Center  
  20  1:52  Supply Depot  
  20  1:55  SCV  
  20  1:58  Marine  
  22  2:07  SCV  
  23  2:11  Factory  
  23  2:16  Refinery  
  23  2:19  SCV  
  23  2:22  Barracks Reactor  
  24  2:32  SCV  
  25  2:44  SCV  
  26  2:56  SCV, Orbital Command, Hellion  
  26  2:58  Marine x2  
  31  3:02  Starport  
  31  3:08  SCV  
  32  3:16  Marine x2  
  32  3:18  Factory Tech Lab  
  34  3:22  SCV x2  
  34  3:25  Supply Depot  
  36  3:34  SCV x2  
  36  3:35  Marine  
  36  3:36  Marine  
  40  3:46  SCV x2  
  40  3:47  Factory Tech Lab  
  39  3:48  Cloaking Field  
  39  3:49  Banshee  
  42  3:56  Marine x2  
  42  3:58  SCV x2  
  42  4:02  Supply Depot  
  46  4:05  Siege Tank  
  49  4:10  SCV x2  
  49  4:15  Supply Depot, Marine x2  
  53  4:22  SCV  
  53  4:24  SCV  
  55  4:31  Banshee  
  55  4:35  SCV  
  55  4:36  SCV  
  55  4:37  Command Center  
  60  4:42  Siege Tank  
  63  4:46  Marine, Supply Depot  
  63  4:47  Marine  
  63  4:49  SCV  
  63  4:50  SCV  
  67  4:54  Supply Depot  
  67  5:05  SCV x2, Barracks x2  
  69  5:09  Marine  
  69  5:10  Marine, Supply Depot  
  71  5:15  Engineering Bay  
  71  5:16  Engineering Bay  
  71  5:24  SCV x2  
  73  5:30  Marine x2, Refinery  
  73  5:32  Refinery, Starport Reactor  
  75  5:36  SCV x2  
  75  5:42  Terran Infantry Armor Level 1, Terran Infantry Weapons Level 1  
  77  5:48  SCV x2  
  77  5:49  Siege Tank  
  82  5:51  Orbital Command  
  82  5:55  Barracks  
  82  6:00  Barracks Tech Lab, SCV x2  
  80  6:05  Stimpack  
  80  6:07  Orbital Command  
  80  6:11  Marine x2, Marauder  
  79  6:16  SCV x2  
  75  6:24  Medivac, Marauder  
  78  6:26  Barracks  
  78  6:28  SCV x2, Barracks  
  82  6:32  Marauder  
  82  6:33  Siege Tank, Marine  
  82  6:34  Marine  
  82  6:37  SCV  
  88  6:40  SCV  
  88  6:43  Supply Depot  
  88  6:45  Medivac  
  88  6:50  SCV x2  
  88  6:52  SCV, Marine  
  88  6:53  Marine  
  93  6:55  Combat Shield, Barracks Tech Lab  
  93  7:01  Marauder x2  
  97  7:03  SCV x2  
  97  7:04  SCV  
  97  7:05  Supply Depot  
  100  7:08  Siege Tank  
  100  7:09  Supply Depot  
  100  7:11  Marine x2  
  100  7:15  Barracks Tech Lab  
  105  7:16  SCV, Barracks Reactor  
  105  7:17  SCV x2  
  105  7:19  Marauder  
  110  7:23  Marine  
  110  7:24  Marauder  
  110  7:27  Refinery x2  
  110  7:28  Supply Depot  
  112  7:33  Marine x2  
  112  7:34  Medivac  
  112  7:35  Supply Depot  
  112  7:36  Marauder  
  118  7:40  Marauder  
  118  7:41  Marauder  
  118  7:43  SCV x3  
  125  7:46  Supply Depot  
  125  7:47  Supply Depot  
  125  7:50  Marine  
  125  7:51  Marine, Siege Tank  
  126  7:57  Marine x2  
  132  7:59  Bunker, Marauder x2, Supply Depot  
  132  8:01  Marauder  
  132  8:02  Marauder  
  132  8:05  Medivac  
  141  8:07  Supply Depot  
  141  8:08  Concussive Shells, Supply Depot  
  141  8:11  Marine x2  
  143  8:15  Marine x2  
  143  8:17  Medivac  
  147  8:20  Marauder x2  
  147  8:23  Supply Depot  
  147  8:24  Supply Depot  
  147  8:26  Siege Tank  
  154  8:28  Marauder  
  154  8:30  Marine x2  
  154  8:32  Marauder  
  160  8:34  Supply Depot  
  160  8:40  Armory  
  159  8:42  Marauder, Viking  
  162  8:48  Viking  
  162  8:54  Marine x2, Marauder x2  
  167  8:58  Marine x2  
  167  8:59  Marauder  
  163  9:03  Marine  
  153  9:12  Marine x2  
  153  9:15  Marauder x2  
  153  9:16  Marine x2  
  130  9:20  Marauder  
  130  9:21  Marauder  
  130  9:22  Viking  
  90  9:36  Marine x4  
  90  9:37  Marauder  
  92  9:43  SCV  
  92  9:45  SCV  
Tags
 
Add a new tag
Caveats
  • Supply blocks, unpowered buildings, or Contaminate may cause inaccurate times.
  • Supply counts are checked every 10 seconds.